 Dungeon Crawl Stone Soup version 0.25-a0-510-ge065f6de7d (console) character file.

Game seed: 12186794812275119061, levelgen mode: deterministic

79 surprisetrex the Firebug (level 4, -4/36 HPs)
             Began as a Hill Orc Fire Elementalist on Feb 15, 2020.
             Slain by an orc priest
             ... wielding a +0 hand axe
              (11 damage)
             ... on level 3 of the Dungeon.
             The game lasted 00:12:09 (2922 turns).

surprisetrex the Firebug (HOFE)                     Turns: 2922, Time: 00:12:10

Health: -4/36      AC:  2    Str: 10    XL:     4   Next: 37%
Magic:  1/6        EV: 12    Int: 16    God:
Gold:   91         SH:  0    Dex: 11    Spells: 5/6 levels left

rFire    . . .     SeeInvis .   b - +0 whip
rCold    . . .     Gourm    .   (no shield)
rNeg     . . .     Faith    .   w - +0 robe
rPois    +         Spirit   .   (no helmet)
rElec    .         Reflect  .   (no cloak)
rCorr    +         Harm     .   (no gloves)
MR       .....                  (no boots)
Stlth    ++........             (no amulet)
HPRegen  0.12/turn              l - ring of resist corrosion
MPRegen  0.10/turn              s - ring of poison resistance

@: no status effects
A: no striking features
a: Convert to Beogh


You were on level 3 of the Dungeon.
You were not hungry.

You visited 1 branch of the dungeon, and saw 3 of its levels.

You collected 91 gold pieces.

Inventory:

Hand Weapons
 a - a +0 hunting sling
 b - a +0 whip (weapon)
Missiles
 g - 6 poisoned darts (quivered)
 x - 102 stones
Armour
 h - a +0 ring mail of fire resistance
 w - a +0 robe (worn)
Jewellery
 l - a ring of resist corrosion (left hand)
 s - a ring of poison resistance (right hand)
Scrolls
 d - a scroll of magic mapping {unknown}
 e - a scroll of blinking {unknown}
 f - 5 scrolls of identify {unknown}
 k - a scroll of fear {unknown}
 m - a scroll of remove curse {unknown}
 n - a scroll of random uselessness {unknown}
 q - a scroll of enchant armour {unknown}
 u - a scroll of enchant weapon {unknown}
 v - a scroll of noise {unknown}
Potions
 i - a potion of haste {unknown}
 j - 2 potions of curing {unknown}
 o - a potion of heal wounds {unknown}
 p - a potion of cancellation {unknown}
 r - a potion of brilliance {unknown}
Comestibles
 c - 7 rations
 t - 4 chunks of flesh


   Skills:
 + Level 2.2 Fighting
 - Level 1.5 Dodging
 - Level 1.5 Stealth
 - Level 1.5 Spellcasting
 - Level 1.0 Conjurations
 - Level 5.0 Fire Magic


You had 5 spell levels left.
You knew the following spells:

 Your Spells              Type           Power        Failure   Level  Hunger
a - Foxfire               Conj/Fire      ##..         6%          1    ##.....

Your spell library contained the following spells:

 Spells                   Type           Power        Failure   Level  Hunger
 Conjure Flame            Conj/Fire      ##......     19%         3    ####...
 Inner Flame              Hex/Fire       #.......     24%         3    ####...
 Sticky Flame             Conj/Fire      ##......     54%         4    #####..
 Fireball                 Conj/Fire      ##........   87%         5    ######.


Dungeon Overview and Level Annotations

Branches:
Dungeon (3/15)

Altars:
Ashenzari
Gozag
Sif Muna
The Shining One


Message History

The foxfire hits the orc priest but does no damage.
The orc priest is heavily wounded.
The orc priest looks encouraged for a moment.
Casting: Foxfire (safe; 6% risk of failure)
Confirm with . or Enter, or press ? or * to list all spells.
You conjure some foxfire!
The orc priest shouts, "Join the one true god or die!"
The orc priest invokes the aid of Beogh against you.
Beogh smites you!
* * * LOW HITPOINT WARNING * * *
You hit the orc priest but do no damage.
The orc priest is heavily wounded.
The orc priest shouts, "Surrender to Beogh and we'll let you live!"
The foxfire hits the orc priest.
The orc priest is severely wounded.
The foxfire hits the orc priest but does no damage.
The orc priest is severely wounded.
The orc priest shouts, "Beogh is our master!
Accept the truth or die!"
The orc priest hits you with a +0 hand axe!
You die...

.........#
...o..o.<#
..l.....[#
.....?...# ..
.........# .....
######'# .....
#......#
.....######
##o######
........<#
#..@...#
##.......#
#.ยง....#
#.......# #.)....#
#.......# #......#
#.....).# #.)....#
#.......# #......#
#) #.......#
#......# #.
#.......# #......#
#.
#.......###......#
#(


You could see an orc priest.

Vanquished Creatures
  An adder (D:2)
  An ooze (D:2)
  4 dart slugs
  2 leopard geckos
  4 orcs (D:3)
  A ball python (D:1)
  3 goblins
  5 hobgoblins
  7 jackals
  4 kobolds
  A quokka (D:3)
  7 bats (D:1)
  3 frilled lizards (D:1)
  6 rats (D:1)
49 creatures vanquished.

Vanquished Creatures (others)
  136 foxfires
136 creatures vanquished.

Grand Total: 185 creatures vanquished

Notes
Turn   | Place    | Note
-------+----------+-------------------------------------------
     0 | D:1      | surprisetrex the Hill Orc Fire Elementalist began the quest
                  | for the Orb.
     0 | D:1      | Reached XP level 1. HP: 14/14 MP: 3/3
   154 | D:1      | Reached XP level 2. HP: 5/20 MP: 0/4
   410 | D:1      | Reached skill level 4 in Fire Magic
   936 | D:1      | Reached XP level 3. HP: 16/26 MP: 0/5
  1823 | D:2      | Found an opulent altar of Gozag.
  1910 | D:2      | Found a shattered altar of Ashenzari.
  2100 | D:2      | Reached skill level 5 in Fire Magic
  2250 | D:2      | Reached skill level 1 in Fighting
  2439 | D:2      | Reached XP level 4. HP: 35/35 MP: 2/6
  2548 | D:2      | Found a glowing golden altar of the Shining One.
  2646 | D:3      | Found a shimmering blue altar of Sif Muna.
  2922 | D:3      | Slain by an orc priest

Levels and vault maps discovered:
D:1:      heliophobic_arrival_battle_scene, layout_basic
D:2:      layout_basic, tso_altar, lemuel_crystal_altar, ashenzari_altar_1,
          kennysheep_generic_room_4
D:3:      layout_basic, nicolae_overflow_crystal_walls,
          nicolae_overflow_hidden_temple

Skill      XL: |  1  2  3  4 |
---------------+-------------+-----
Fire Magic     | 4 5 |  5.0
Fighting       | 1 2 |  2.2
Dodging        | |  1.5
Stealth        | |  1.5
Spellcasting   | |  1.5
Conjurations   | |  1.0

Action                   |  1- 3 |  4- 6 || total
-------------------------+-------+-------++-------
Melee: Unarmed           |    34 |     7 ||    41
       Whip              |       |     3 ||     3
 Fire: Hunting sling     |       |     4 ||     4
Throw: Stone             |    23 |     5 ||    28
 Cast: Foxfire           |    57 |    23 ||    80
  Eat: Chunk             |     6 |     2 ||     8
Armor: Robe              |    20 |     1 ||    21
Dodge: Dodged            |    56 |    22 ||    78

Table legend:
 A = Non-vault XP
 B = Vault XP
 C = Vault XP percentage of total XP
 D = Non-vault monster count
 E = Vault monster count
 F = Vault count percentage of total count
                 A         B        C        D         E       F
            +---------+---------+-------+---------+---------+-------
      Total |     111 |       2 |   1.8 |      48 |       1 |   2.0
            +---------+---------+-------+---------+---------+-------
        D:1 |      49 |       0 |   0.0 |      29 |       0 |   0.0
        D:2 |      33 |       2 |   5.7 |       7 |       1 |  12.5
        D:3 |      29 |       0 |   0.0 |      12 |       0 |   0.0
            +---------+---------+-------+---------+---------+-------
